 Dungeon Crawl Stone Soup version 0.32-a0-329-ge6c31236d6 (webtiles) character file.

Game seed: 1499792703498872560

1571 oldriver the Magician (level 8, 0/61 HPs)
             Began as a Demonspawn Conjurer on Feb 16, 2024.
             Was an Initiate of Gozag.
             Succumbed to Dowan's poison
             ... on level 5 of the Dungeon.
             The game lasted 00:06:27 (6003 turns).

oldriver the Magician (Demonspawn Conjurer)         Turns: 6003, Time: 00:06:28

Health: 0/61       AC:  5    Str:  8    XL:     8   Next: 59%
Magic:  3/17       EV: 12    Int: 18    God:    Gozag
Gold:   249        SH:  0    Dex: 12    Spells: 9/20 levels left

rFire   . . .        o - +1 dagger (venom)
rCold   . . .        (no shield)
rNeg    . . .        a - +0 robe
rPois   .            (no helmet)
rElec   .            (no cloak)
rCorr   .            (no gloves)
SInv    .            (no boots)
Will    .....        j - amulet of regeneration
Stlth   +++          (no ring)
HPRegen 1.10/turn    (no ring)
MPRegen 0.15/turn

%: no passive effects
@: lethally poisoned (0 -> -16), attractive
A: yellow scales 2, powered by pain 2, weakness stinger 2, dopey 1, inability to
drink after injury 1
a: Renounce Religion, Potion Petition, Call Merchant, Bribe Branch


You were on level 5 of the Dungeon.
You worshipped Gozag.
Gozag was aware of your devotion.
You visited 2 branches of the dungeon, and saw 6 of its levels.

You collected 328 gold pieces.
You paid 79 gold pieces to Gozag.

Inventory:

Hand Weapons
 o - a +1 dagger of venom (weapon)
Missiles
 p - 14 poisoned darts
Armour
 a - a +0 robe (worn)
 d - an orb of wrath
Jewellery
 j - an amulet of regeneration (around neck)
Wands
 u - a wand of iceblast (8)
Scrolls
 e - 2 scrolls of identify {unknown}
 f - 2 scrolls of amnesia {unknown}
 g - 2 scrolls of immolation {unknown}
 i - 3 scrolls of enchant weapon {unknown}
 k - 3 scrolls of vulnerability {unknown}
 x - a scroll of blinking {unknown}
 y - a scroll of poison {unknown}
Potions
 b - 2 potions of magic
 h - a potion of might {unknown}
 l - a potion of brilliance {unknown}
 m - a potion of degeneration {unknown}
 n - a potion of invisibility {unknown}
 q - a potion of resistance {unknown}
 r - a potion of ambrosia {unknown}
 s - a potion of lignification {unknown}
 t - a potion of attraction
 v - a potion of haste {unknown}
 w - a potion of curing {unknown}


   Skills:
 + Level 4.7 Fighting
 - Level 1.7 Dodging
 - Level 5.0 Stealth
 * Level 6.5 Spellcasting
 + Level 6.3 Conjurations


You had 9 spell levels left.
You knew the following spells:

 Your Spells              Type           Power      Damage    Failure   Level
a - Magic Dart            Conj           100%       1d8       1%          1
b - Searing Ray           Conj           56%        2d6       1%          2
p - Fulminant Prism       Conj/Alch      8%         3d6       30%         4
z - Iskenderun's Mystic   Conj/Tloc      17%        2d5       30%         4

Your spell library contained the following spells:

 Spells                   Type           Power      Damage    Failure   Level
 Lesser Beckoning         Tloc           10%        N/A       17%         2
 Gell's Gravitas          Tloc           5%         N/A       34%         3
 Teleport Other           Tloc           5%         N/A       34%         3


Dungeon Overview and Level Annotations

Branches:
Dungeon (5/15)             Temple (1/1) D:4

Altars:
Ashenzari
Cheibriados
Dithmenos
Fedhas
Gozag
Hepliaklqana
Kikubaaqudgha
Nemelex Xobeh
Qazlal
Ru
Sif Muna
Uskayaw
Vehumet
Xom
Yredelemnul

Annotations:
D:5 Dowan


Innate Abilities, Weirdness & Mutations

You are mostly covered in yellow scales. (AC +3)
You sometimes gain power by taking damage.
You have a tail ending in a sharp stinger.
You are dopey. (Int -2)
You occasionally lose the ability to drink potions when taking damage.


Message History

You don't have enough magic to cast this spell.
Unknown command.
Unknown command.
Dowan casts a spell.
Dowan blinks!
Dowan hits you with a +2 dagger of venom.
You are poisoned.
You hit Dowan but do no damage.
You feel very sick.
Dowan hits you with a +2 dagger of venom.
You are more poisoned.
You hit Dowan.
Dowan is poisoned.
Your tail-slap misses Dowan.
Dowan is lightly wounded.
You feel very sick. Dowan hits you but does no damage.
Dowan hits you with a +2 dagger of venom.
You are more poisoned.
You barely miss Dowan.
Dowan is lightly wounded.
You feel very sick. Dowan closely misses you.
You closely miss Dowan.
Dowan is lightly wounded.
You feel very sick.
Dowan hits you with a +2 dagger of venom.
You are more poisoned.
Dowan hits you with a +2 dagger of venom!
* * * LOW HITPOINT WARNING * * *
You are more poisoned.
It was a potion of attraction.
You feel attractive to monsters.
* * * LOW HITPOINT WARNING * * *
You feel extremely sick.
Dowan gestures wildly while chanting.
Dowan blinks!
Dowan is attracted toward you.
It was a potion of mutation.
You feel extremely strange.
You feel stupid.
You occasionally lose the ability to drink potions when taking damage.
You die...
Your body crumbles into a pile of gold.

#.#.# #..##.##.#..
#.#.###..##....#..
##+#......##..###..
##...#####.##..###..
##.....## #.##.......
##.......###.........#
#.........####...#####
+.........'...........
#....@....####...#####
##...e...## ##..#
##.....## #####.#####
##.ยง.## #.........#
##'## #.###[###.# #.#
#.# #.###.# #$# #.#
#...#.# #$# #.#
###.#.# ...
#.#####.#.#


You could see Dowan (fast, very poisoned).

Vanquished Creatures
  Grinder (D:3)
  Prince Ribbit (D:5)
  Sigmund (D:2)
  Duvessa (D:5)
  Pargi (D:4)
  2 phantoms (D:4)
  2 scorpions
  A bombardier beetle (D:5)
  An orc priest (D:5)
  Jessica (D:3)
  2 iguanas
  Terence (D:2)
  5 orc wizards
  Robin (D:4)
  4 gnolls (D:4)
  An adder (D:3)
  3 dart slugs
  A ribbon worm (D:3)
  10 orcs
  4 bats
  8 endoplasms
  3 giant cockroaches (D:1)
  21 goblins
  7 hobgoblins
  7 jackals
  9 kobolds
  2 quokkas
  5 ball pythons
  3 frilled lizards
  6 rats
115 creatures vanquished.

Notes
Turn   | Place    | Note
-------+----------+-------------------------------------------
     0 | D:1      | oldriver the Demonspawn Conjurer began the quest for the
                  | Orb.
     0 | D:1      | Reached XP level 1. HP: 13/13 MP: 3/3
   177 | D:1      | Gained mutation: You have a small tail. [demonic ancestry]
   177 | D:1      | Reached XP level 2. HP: 20/20 MP: 0/5
   543 | D:1      | Reached skill level 1 in Fighting
   543 | D:1      | Gained mutation: You sometimes gain a little power by
                  | taking damage. [demonic ancestry]
   543 | D:1      | Reached XP level 3. HP: 24/26 MP: 0/6
  1428 | D:2      | Gained mutation: You sometimes gain power by taking damage.
                  | [demonic ancestry]
  1428 | D:2      | Reached XP level 4. HP: 32/32 MP: 6/8
  1489 | D:2      | Noticed Sigmund
  1503 | D:2      | Noticed Terence
  1712 | D:1      | Learned a level 2 spell: Searing Ray
  1768 | D:2      | Killed Sigmund
  1769 | D:2      | Gained mutation: You have a tail ending in a sharp stinger.
                  | [demonic ancestry]
  1769 | D:2      | Reached XP level 5. HP: 26/38 MP: 1/10
  1962 | D:2      | Killed Terence
  2382 | D:2      | Found a faded altar of an unknown god.
  2558 | D:3      | Reached XP level 6. HP: 46/46 MP: 7/11
  2604 | D:3      | Noticed Grinder
  2614 | D:3      | Paralysed by Grinder for 3 turns
  2620 | D:3      | Killed Grinder
  2621 | D:3      | Reached skill level 5 in Conjurations
  2755 | D:3      | Noticed Jessica
  2760 | D:3      | Killed Jessica
  2846 | D:3      | Found a radiant altar of Vehumet.
  2908 | D:3      | Gained mutation: You are partially covered in yellow
                  | scales. (AC +2) [demonic ancestry]
  2908 | D:3      | Reached XP level 7. HP: 52/52 MP: 10/13
  3573 | D:4      | Noticed Pargi
  3639 | D:3      | Learned a level 4 spell: Fulminant Prism
  3644 | D:3      | Learned a level 4 spell: Iskenderun's Mystic Blast
  3974 | D:4      | Found a sacrificial altar of Ru.
  3980 | D:4      | Reached skill level 5 in Spellcasting
  4102 | D:4      | Killed Pargi
  4232 | D:4      | Found a stormy altar of Qazlal.
  4234 | D:4      | Found a basalt altar of Yredelemnul.
  4564 | D:4      | Found a staircase to the Ecumenical Temple.
  4646 | D:4      | Noticed Robin
  4838 | D:4      | Killed Robin
  4956 | D:4      | Found the +5 Force Lance {heavy, knockback}
  5080 | D:4      | Gained mutation: You are mostly covered in yellow scales.
                  | (AC +3) [demonic ancestry]
  5080 | D:4      | Reached XP level 8. HP: 50/60 MP: 1/16
  5344 | Temple   | Entered the Ecumenical Temple
  5350 | Temple   | Became a worshipper of Gozag Ym Sagoz the Greedy
  5394 | D:5      | Entered Level 5 of the Dungeon
  5549 | D:5      | Noticed Prince Ribbit
  5564 | D:5      | Killed Prince Ribbit
  5827 | D:5      | Noticed Dowan
  5977 | D:5      | Noticed Duvessa
  5992 | D:5      | Killed Duvessa
  5993 | D:5      | Reached skill level 5 in Stealth
  6003 | D:5      | Gained mutation: You are dopey. (Int -2) [potion of
                  | mutation]
  6003 | D:5      | Gained mutation: You occasionally lose the ability to drink
                  | potions when taking damage. [potion of mutation]
  6003 | D:5      | Succumbed to Dowan's poison

Illustrated notes

Levels and vault maps discovered:
D:1:      wander_arrival_desolate, layout_loops_ring,
          nicolae_figureground_sparkle
D:2:      layout_basic, dilly_ecumenical_altar_fadedgnrine, uniq_sigmund,
          uniq_terence
D:3:      layout_loops_cross, nicolae_vehumet_altar_sigil, uniq_jessica,
          uniq_grinder
D:4:      layout_cave_pools, grunt_temple_overflow_open,
          nicolae_ru_great_annihilating_truth, minmay_temple_entry_tees,
          minmay_increasing_density, uniq_pargi, uniq_robin
D:5:      layout_loops_corners, trog_ov_bears_minmay, uniq_ijyb, uniq_duvessa,
          uniq_prince_ribbit1
Temple:   hellmonk_temple_two_chambers

Skill      XL: |  1  2  3  4  5  6  7  8 |
---------------+-------------------------+-----
Stealth        | 2 3 4 5 |  5.0
Fighting       | 1 2 3 4 |  4.7
Spellcasting   | 3 4 5 6 |  6.5
Conjurations   | 5 6 |  6.3
Dodging        | |  1.7

Action                     |  1- 3 |  4- 6 |  7- 9 || total
---------------------------+-------+-------+-------++-------
  Melee: Unarmed           |    24 |     4 |       ||    28
         Dagger            |       |       |    21 ||    21
   Cast: Magic Dart        |    67 |    39 |   144 ||   250
         Searing Ray       |       |     5 |    23 ||    28
    Use: Potion            |       |       |     2 ||     2
 Armour: Robe              |    18 |     6 |    85 ||   109
  Dodge: Dodged            |    26 |     6 |    54 ||    86

Table legend: (Time is in decaauts)
 A = Elapsed time spent in this place.
 B = Non-inter-level travel time spent in this place.
 C = Inter-level travel time spent in this place.
 D = Time resting spent in this place.
 E = Time spent auto-exploring this place.
 F = Levels seen in this place.
 G = Mean time per level.
                   A        B        C        D        E       F      G
               +--------+--------+--------+--------+--------+-----+--------+
         Total |   6006 |   5698 |    308 |    592 |   4326 |   6 | 1001.0 |
       Dungeon |   5993 |   5697 |    296 |    592 |   4326 |   5 | 1198.6 |
        Temple |     12 |      1 |     11 |      0 |      0 |   1 |   12.0 |
               +--------+--------+--------+--------+--------+-----+--------+

Top non-repeatable levels by time:
     D:4: 1631 daAuts
     D:1: 1461 daAuts
     D:3: 1346 daAuts
     D:2: 946 daAuts
     D:5: 608 daAuts
  Temple: 12 daAuts
